 Dungeon Crawl Stone Soup version 0.28.0-53-g5a82cb258f (webtiles) character file.

Game seed: 669592779318931287

1820 NoAnimeNoLife the Covert (level 8, -8/36 HPs)
             Began as a Spriggan Enchanter on June 1, 2022.
             Was an Initiate of Ashenzari.
             Mangled by a two-headed ogre
             ... wielding a +0 giant spiked club
              (14 damage)
             ... on level 5 of the Dungeon.
             The game lasted 00:21:15 (7108 turns).

NoAnimeNoLife the Covert (Spriggan Enchanter)       Turns: 7108, Time: 00:21:16

Health: -8/36      AC:  2    Str:  4      XL:     8   Next: 85%
Magic:  16/18      EV: 20    Int: 15 (16) God:    Ashenzari [......]
Gold:   164        SH:  0    Dex: 20      Spells: 12/20 levels left

rFire   . . .      SeeInvis +   g - +1 short sword "Sun of the Distant Sage" {elec, Cun, Alch} (curse)
rCold   . . .      Faith    .   (no shield)
rNeg    . . .      Spirit   .   b - +0 robe
rPois   .          Reflect  .   (helmet restricted)
rElec   .          Harm     .   (no cloak)
rCorr   .          Rampage  .   (gloves unavailable)
Will    +....                   (boots unavailable)
Stlth   +++++.....              (no amulet)
HPRegen 0.12/turn               (no ring)
MPRegen 0.16/turn               (no ring)

@: very quick
A: very small, no large weapons, unfitting armour, see invisible, speed 3, agile
1
a: Renounce Religion, Shatter the Chains


You were on level 5 of the Dungeon.
You worshipped Ashenzari.
Ashenzari was noncommittal.
You visited 2 branches of the dungeon, and saw 6 of its levels.

You collected 164 gold pieces.

Inventory:

Hand Weapons
 a - a +1 dagger
 f - a +2 quarterstaff of chaos
 g - the cursed +1 short sword "Sun of the Distant Sage" (weapon) {elec, Cun, Alch}
   (You took it off a kobold on level 1 of the Dungeon)

   It occasionally discharges a powerful burst of electricity upon striking a
   foe.
   It has a curse which improves the following skills: Cunning: Dodging and
   Stealth.
   Alchemy:   Poison Magic and Transmutations.
Missiles
 i - 3 datura-tipped darts
 m - 2 poisoned darts (quivered)
Armour
 b - a +0 robe (worn)
Wands
 q - a wand of flame (16)
 r - a wand of acid (17)
Scrolls
 d - a scroll of fog
 j - a scroll of noise {unknown}
 l - a scroll of teleportation {unknown}
 o - a scroll of identify
 p - a scroll of amnesia
 s - a scroll of enchant weapon
Potions
 c - a potion of curing
 e - a potion of degeneration
 h - a potion of resistance


   Skills:
 * Level 7.6 Short Blades
 + Level 4.4(4.9) Dodging
 + Level 9.0(9.4) Stealth
 + Level 6.6 Spellcasting
 + Level 6.9 Hexes


You had 12 spell levels left.
You knew the following spells:

 Your Spells              Type           Power      Damage    Failure   Level
a - Ensorcelled Hibernat  Hex/Ice        30%        N/A       4%          2
b - Tukima's Dance        Hex            25%        N/A       2%          3
c - Confusing Touch       Hex            25%        N/A       2%          3

Your spell library contained the following spells:

 Spells                   Type           Power      Damage    Failure   Level
 Dazzling Flash           Conj/Hex       30%        N/A       10%         3
 Animate Skeleton         Necr           8%         N/A       14%         1
 Apportation              Tloc           8%         N/A       14%         1
 Magic Dart               Conj           16%        1d3       14%         1
 Pain                     Necr           16%        1d4       14%         1
 Summon Small Mammal      Summ           16%        N/A       14%         1
 Call Imp                 Summ           4%         N/A       22%         2
 Mephitic Cloud           Conj/Pois/Air  5%         N/A       38%         3
 Vampiric Draining        Necr           4%         2d6       38%         3


Dungeon Overview and Level Annotations

Branches:
Dungeon (5/15)             Temple (1/1) D:4

Altars:
Ashenzari
Dithmenos
Gozag
Hepliaklqana
Kikubaaqudgha
Nemelex Xobeh
Qazlal
Ru
Sif Muna
Trog
Vehumet
Wu Jian
Yredelemnul
The Shining One

Shops:
D:3 (


Innate Abilities, Weirdness & Mutations

You are very small and have problems with some larger weapons.
You are too small for most types of armour.
You have supernaturally acute eyesight. (SInv)
You cover ground extremely quickly. (Speed+++)
You are agile. (Dex +2)


Message History

You kill the ogre!
Things that are here:
a +0 giant spiked club; an ogre corpse Your magical contamination has completely faded away.
Things that are here:
a +0 giant club; an ogre corpse
Things that are here:
a +0 dagger; a +0 robe; an orc corpse You open the door.
A hound comes into view.
There is an open door here.
The helpless hound fails to defend itself.
You perforate the hound like a sieve!!!
You kill the hound!
You feel your dexterity returning.
Your Stealth skill increases to level 9!
The helpless dart slug fails to defend itself.
You spit the dart slug like a pig!!!
You kill the dart slug!
You open the door.
The two-headed ogre hits you with a +0 giant spiked club!!
Ouch! That really hurt!
* * * LOW HITPOINT WARNING * * *
The two-headed ogre closely misses you.
You see here a hound corpse.
You see here a hound corpse.
There is an open door here.
Casting: Ensorcelled Hibernation (safe; 4% risk of failure)
Confirm with . or Enter, or press ? or * to list all spells.
Aiming: Ensorcelled Hibernation (safe; 4% risk of failure)
Press: ? - help, Shift-Dir - straight line, f - two-headed ogre
Aim: a two-headed ogre, wielding a +0 giant spiked club and a +0 giant club (chance to affect: 31%)
The two-headed ogre looks drowsy...
You see here a hound corpse.
The helpless two-headed ogre fails to defend itself.
You spit the two-headed ogre like a pig!!!
The two-headed ogre is almost dead.
The two-headed ogre completely misses you.
The two-headed ogre hits you with a +0 giant club!
You die...

....#.##### #.. .#.....# #######
#.. .......#############.....#
#.. ......).......#...)'.....#
#.. ......#.#.#####...)#.....#
##. ##..#.#.#.#
#..).#.....#######. ......#...#
#....#)....##...... ##.#....###
##'#######'####...# ##>####..##
#@..#......###...#
##........######O..#......#.....#
####.≈≈≈≈.....##...#......#.#####
# #≈≈≈≈≈≈.#..####'#......#.#### #
#.≈§§≈..#..#)+..#......#....#
####§§§≈≈.##..###..#......#.#####
...§§§§.......###########.#.#####
##.#§§§§##......................[
##§#.§§§##.#....###.#..###..#####


You could see a two-headed ogre.

Vanquished Creatures
  Grinder (D:5)
  A dancing weapon (D:5)
  Menkaure (D:5)
  Duvessa (D:5)
  A hornet zombie (D:5)
  A black bear (D:5)
  4 ogres
  A centaur (D:4)
  A phantom (D:5)
  A water moccasin zombie (D:5)
  A scorpion (D:5)
  Dowan (D:5)
  A centaur zombie (D:5)
  Crazy Yiuf (D:3)
  A bullfrog zombie (D:5)
  A hound (D:5)
  A gnoll shaman (D:5)
  A bullfrog skeleton (D:5)
  An iguana (D:5)
  2 scorpion zombies (D:5)
  Natasha (thrice) (D:3)
  2 orc wizards
  A killer bee zombie (D:5)
  A hound skeleton (D:5)
  3 gnolls (D:3)
  4 adders
  A worm (D:3)
  4 dart slugs
  8 orcs
  4 ball pythons
  7 bats
  6 endoplasms
  9 giant cockroaches
  6 goblins
  3 hobgoblins
  9 jackals
  7 kobolds
  4 quokkas
  6 frilled lizards
  4 rats
116 creatures vanquished.

Vanquished Creatures (others)
  2 fungi (D:3)
  A withered plant (D:5)
3 creatures vanquished.

Grand Total: 119 creatures vanquished

Notes
Turn   | Place    | Note
-------+----------+-------------------------------------------
     0 | D:1      | NoAnimeNoLife the Spriggan Enchanter began the quest for
                  | the Orb.
     0 | D:1      | Reached XP level 1. HP: 9/9 MP: 5/5
   413 | D:1      | Reached XP level 2. HP: 13/13 MP: 6/6
   421 | D:1      | Learned a level 2 spell: Ensorcelled Hibernation
   724 | D:1      | Found a faded altar of an unknown god.
  1261 | D:2      | Reached XP level 3. HP: 10/16 MP: 8/8
  1304 | D:2      | Reached skill level 5 in Stealth
  2422 | D:3      | Noticed Natasha
  2428 | D:3      | Killed Natasha
  2429 | D:3      | Reached XP level 4. HP: 21/21 MP: 8/10
  2595 | D:3      | Gained mutation: You are agile. (Dex +2) [potion of
                  | mutation]
  2747 | D:3      | Noticed Natasha
  2813 | D:3      | Killed Natasha
  2831 | D:3      | Noticed Natasha
  3009 | D:3      | Killed Natasha
  3010 | D:3      | Reached XP level 5. HP: 19/24 MP: 4/11
  3074 | D:3      | Found Myaxzukku's Antique Weapon Shop.
  3604 | D:3      | Reached skill level 6 in Stealth
  3824 | D:3      | Found a runed translucent door.
  3825 | D:3      | Noticed Crazy Yiuf
  4030 | D:3      | Learned a level 3 spell: Tukima's Dance
  4049 | D:3      | Killed Crazy Yiuf
  4244 | D:4      | Learned a level 3 spell: Confusing Touch
  4268 | D:4      | Reached XP level 6. HP: 28/28 MP: 13/13
  4301 | D:4      | Reached skill level 5 in Hexes
  4502 | D:4      | Found a staircase to the Ecumenical Temple.
  4511 | Temple   | Entered the Ecumenical Temple
  4573 | Temple   | Became a worshipper of Ashenzari the Shackled
  4616 | D:4      | Found a hazy altar of Hepliaklqana.
  5369 | D:5      | Entered Level 5 of the Dungeon
  5398 | D:5      | Reached XP level 7. HP: 32/32 MP: 13/15
  5422 | D:5      | Noticed Duvessa
  5422 | D:5      | Noticed Dowan
  5428 | D:5      | Killed Dowan
  5429 | D:5      | Reached skill level 5 in Short Blades
  5669 | D:5      | Noticed Grinder
  5674 | D:5      | Killed Grinder
  5675 | D:5      | Reached skill level 7 in Stealth
  5675 | D:5      | Reached skill level 5 in Spellcasting
  5954 | D:5      | Reached XP level 8. HP: 23/36 MP: 15/17
  5968 | D:5      | Killed Duvessa
  5969 | D:5      | Reached skill level 8 in Stealth
  6611 | D:5      | Noticed Menkaure
  6618 | D:5      | Killed Menkaure
  6934 | D:5      | Noticed a two-headed ogre
  7095 | D:5      | Reached skill level 9 in Stealth
  7108 | D:5      | Mangled by a two-headed ogre

Illustrated notes

Levels and vault maps discovered:
D:1:      dpeg_arrival_tiny_g, layout_basic, shapermc_ecumenical_altar_ellora
D:2:      layout_basic
D:3:      layout_loops_ring, serial_shops, nicolae_square_shop,
          minmay_misc_feat_more_columns, uniq_crazy_yiuf_cottage, uniq_natasha
D:4:      layout_basic, nicolae_hepliaklqana_hazy_memory,
          minmay_temple_entry_drinking_statues
D:5:      minmay_clustersquares, layout_basic, serial_undead, serial_undead_a,
          serial_undead_c, serial_undead_f, serial_undead_f, uniq_duvessa,
          uniq_menkaure, uniq_grinder
Temple:   cyrus_circular_temple

Skill      XL: |  1  2  3  4  5  6  7  8 |
---------------+-------------------------+-----
Dodging        | 3 4 |  4.4
Spellcasting   | 3 4 5 6 |  6.6
Hexes          | 4 5 6 |  6.9
Stealth        | 5 6 7 9 |  9.0
Short Blades   | 2 3 4 6 7 |  7.6

Action                   |  1- 3 |  4- 6 |  7- 9 || total
-------------------------+-------+-------+-------++-------
Melee: Dagger            |    40 |       |       ||    40
       Punch             |     3 |     1 |     2 ||     6
       Short sword       |   103 |    93 |   103 ||   299
Throw: Dart              |       |     2 |       ||     2
 Cast: Ensorcelled Hiber |     6 |    27 |    17 ||    50
       Tukima's Dance    |       |     1 |     1 ||     2
       Confusing Touch   |       |       |     8 ||     8
Invok: Curse Item        |       |       |     1 ||     1
  Use: Scroll            |       |     8 |       ||     8
       Potion            |       |     1 |     7 ||     8
 Stab: Sleeping          |    18 |    24 |    15 ||    57
       Confused          |       |       |     3 ||     3
       Invisible         |       |       |     5 ||     5
Armor: Robe              |    12 |     7 |     3 ||    22
       Skin              |       |       |    28 ||    28
Dodge: Dodged            |   111 |    68 |    97 ||   276
